 Dungeon Crawl Stone Soup version 0.28-a0-474-g535839065c (webtiles) character file.

Game seed: 12956011415141505130

0 spiderkeys the Skirmisher (level 1, -4/16 HPs)
             Began as an Octopode Abyssal Knight on Sept 16, 2021.
             Was a Follower of Lugonu.
             Slain by a tentacled starspawn (10 damage)
             ... on level 1 of the Abyss.
             The game lasted 00:00:46 (74 turns).

spiderkeys the Skirmisher (Octopode Abyssal Knight)   Turns: 74, Time: 00:00:47

Health: -4/16      AC:  1    Str: 11    XL:     1   Next: 0%
Magic:  2/2        EV: 13    Int: 14    God:    Lugonu [*.....]
Gold:   0          SH:  0    Dex: 11    Spells: 0/0 levels left

rFire   . . .      SeeInvis .   a - +1 spear
rCold   . . .      Faith    .   (no shield)
rNeg    . . .      Spirit   .   (helmet restricted)
rPois   .          Reflect  .   (no amulet)
rElec   .          Harm     .   (no ring)
rCorr   .          Rampage  .   (no ring)
Will    .....                   (no ring)
Stlth   ++........              (no ring)
HPRegen 0.05/turn               (no ring)
MPRegen 0.08/turn               (no ring)
                                (no ring)
                                (no ring)

@: confused
A: almost no armour, amphibious, 8 rings, camouflage 1, gelatinous body 1,
(nimble swimmer 1), tentacles
a: Renounce Religion, Depart the Abyss


You were on level 1 of the Abyss.
You worshipped Lugonu.
Lugonu was aware of your devotion.
You visited 0 branches of the dungeon, and saw 0 of its levels.
You visited the Abyss 1 time.


Innate Abilities, Weirdness & Mutations

You cannot wear most types of armour.
You are amphibious.
You can wear up to eight rings at the same time.
Your skin changes colour to match your surroundings (Stealth+).
Your rubbery body absorbs attacks. (AC +1, EV +1)
((You are camouflaged near water. (Stealth+)))
You have tentacles for arms and can constrict up to eight enemies at once.


   Skills:
 + Level 3.0 Fighting
 + Level 2.0 Polearms
 + Level 2.3 Dodging
 + Level 2.0 Invocations


You couldn't memorise any spells.
You didn't know any spells.
Your spell library contained the following spells:

 Spells                   Type           Power      Damage    Failure   Level
 Static Discharge         Conj/Air       0%         N/A       41%         2
 Lightning Bolt           Conj/Air       0%         1d11      100%        5
 Maxwell's Capacitive Co  Air            0%         ∞         100%        8

Inventory:

Hand Weapons
 a - a +1 spear (weapon)

Dungeon Overview and Level Annotations

Branches:
Dungeon (0/15)

Altars:

# . .
.....#..
.. #..
###...#
#. ## .#
. . .. ..
#..##
...... ..
.. . #
.###.###
. #. .
#..#..#
.. ###
##§##..##
.. #
#§wX#─.#
# #
#§@#>#w##
.#
#..w##..#
#§##§#..
.# ..§.
#. .. #
##.##
§### # §
. # . . #
# # . .G#
.. # #


You could see a tentacled starspawn and 2 starspawn tentacles.


Message History

You miss the golden eye. Your squeeze misses the golden eye.
The golden eye blinks at you.
You are more confused.
You closely miss the golden eye. The golden eye blinks at you.
You are more confused.
A golden eye comes into view.
The golden eye blinks at you.
You are more confused.
You are too confused!
The golden eye turns its gaze towards you.
You closely miss the golden eye. Your squeeze misses the golden eye.
The golden eye blinks at you.
You are more confused.
You bump into the stone wall.
You miss the golden eye. The golden eye blinks at you.
You are more confused.
The golden eye blinks!
You bump into the stone wall.
You bump into the stone wall.
The golden eye blinks at you.
You are more confused.
You're too confused to move!
The golden eye blinks!
The golden eye blinks at you.
You are more confused.
Unknown command.
You bump into the rock wall.
The golden eye blinks at you.
You are more confused.
The golden eye blinks!
The golden eye blinks at you. You resist with some effort.
The golden eye blinks!
The golden eye blinks at you.
You easily resist.
The golden eye blinks at you.
You are more confused.
The golden eye blinks at you. You resist with some effort.
You barely miss the golden eye. You miss the golden eye.
Your squeeze misses the golden eye. The golden eye blinks at you.
You easily resist.
The golden eye turns its gaze towards you.
You miss the golden eye. Your squeeze misses the golden eye.
You barely miss the golden eye. Your squeeze misses the golden eye.
The golden eye blinks at you.
You are more confused.
You bump into the rock wall.
You bump into the stone wall.
The golden eye blinks at you.
You are more confused.
You bump into the crystal wall.
The golden eye turns its gaze towards you.
You bump into the stone wall.
You bump into the stone wall.
Unknown command.
You're too confused to aim your attacks!
You're too confused to aim your attacks!
The golden eye blinks at you.
You are more confused.
You completely miss the golden eye.
The golden eye blinks!
The golden eye blinks at you. You resist with some effort.
The golden eye blinks at you.
You are more confused.
You bump into the rock wall.
The golden eye blinks at you.
You easily resist.
You bump into the rock wall.
A tentacled starspawn comes into view.
You're too confused to move!
The golden eye blinks at you.
You are more confused.
You bump into the rock wall.
The golden eye turns its gaze towards you.
The golden eye blinks at you.
You are more confused.
Tentacles burst from the starspawn's body! 2 starspawn tentacles come into view.
You bump into the rock wall.
The tentacled starspawn bites you!
The tentacled starspawn tentacle-slaps you.
* * * LOW HITPOINT WARNING * * *
The golden eye blinks!
The starspawn tentacle barely misses you. 😨 HP[-10]
You take 10 damage, and now have 6/16 hp.
MASSIVE DAMAGE!! (PAUSE) Unknown command.
You're too confused to move!
You're too confused to move!
A tentacle flies out from the starspawn's body!
A starspawn tentacle comes into view.
You bump into the rock wall.
The tentacled starspawn closely misses you.
The tentacled starspawn tentacle-slaps you!
Ouch! That really hurt!
You die...

Action                   || total
-------------------------++-------
Melee: Spear             ||    10
Dodge: Dodged            ||     2

Levels and vault maps discovered:
Abyss:1:  base: Temple, base:
Temple

Notes
Turn   | Place    | Note
-------+----------+-------------------------------------------
     0 | Abyss:1  | spiderkeys the Octopode Abyssal Knight began the quest for
                  | the Orb.
     0 | Abyss:1  | Reached XP level 1. HP: 16/16 MP: 2/2
     0 | Abyss:1  | magus.rc [v1.9.10]
    17 | Abyss:1  | You pick up a book of Lightning and begin reading...
    17 | Abyss:1  | You add the spells Static Discharge, Lightning Bolt and
                  | Maxwell's Capacitive Coupling to your library.
    22 | Abyss:1  | Noticed a golden eye
    23 | Abyss:1  | Found a corrupted altar of Lugonu.
    23 | Abyss:1  | Noticed a golden eye
    31 | Abyss:1  | Noticed a golden eye
    66 | Abyss:1  | Noticed a tentacled starspawn
    74 | Abyss:1  | Slain by a tentacled starspawn

Vanquished Creatures (others)
  2 starspawn tentacles (Abyss:1)
2 creatures vanquished.

Table legend:
 A = Non-vault XP
 B = Vault XP
 C = Vault XP percentage of total XP
 D = Non-vault monster count
 E = Vault monster count
 F = Vault count percentage of total count
                 A         B        C        D         E       F
            +---------+---------+-------+---------+---------+-------
      Total |       0 |       0 |   N/A |       0 |       0 |  -nan
            +---------+---------+-------+---------+---------+-------
            +---------+---------+-------+---------+---------+-------

Illustrated notes

Table legend: (Time is in decaauts)
 A = Elapsed time spent in this place.
 B = Non-inter-level travel time spent in this place.
 C = Inter-level travel time spent in this place.
 D = Time resting spent in this place.
 E = Time spent auto-exploring this place.
 F = Levels seen in this place.
 G = Mean time per level.
                   A        B        C        D        E       F      G
               +--------+--------+--------+--------+--------+-----+--------+
         Total |     74 |     74 |      0 |      0 |     21 |   1 |   74.0 |
         Abyss |     74 |     74 |      0 |      0 |     21 |   1 |   74.0 |
               +--------+--------+--------+--------+--------+-----+--------+

Top non-repeatable levels by time:
 Abyss:1: 74 daAuts
